Map: King Sejong Station LE

Players

Purjeheart - Winner!

  • Race: Terran Terran
  • League: Gold

blackxored

  • Race: Zerg Zerg
  • League: Diamond

VOD

Have the link to the VOD?

Description

Time

  • Played on: June 19, 2016, 7:51 p.m.
  • Length: 4:45
Show
View Real Time Build Order
Export as new Build Order

Purjeheart Terran - Winner!

Build Orders:  

Get SALT Encoding   

  12  0:01  SCV  
  13  0:17  Supply Depot  
  13  0:18  SCV  
  14  0:50  Barracks  
  14  0:52  Barracks, SCV  
  15  1:04  SCV  
  16  1:16  SCV  
  17  1:28  Supply Depot  
  17  1:37  Marine  
  17  1:39  Barracks  
  18  1:41  Marine, Barracks  
  18  1:46  SCV  
  20  1:55  Marine  
  20  1:59  Marine  
  22  2:09  Supply Depot  
  22  2:10  SCV  
  22  2:12  Marine  
  24  2:17  Marine  
  25  2:27  SCV  
  26  2:30  Marine x2  
  26  2:31  Marine  
  26  2:34  Marine  
  30  2:38  Bunker  
  30  2:48  Marine  
  30  2:49  Marine  
  30  3:08  Marine x3  
  30  3:11  Marine  
  33  3:26  Marine x3  
  36  3:29  Marine  
  35  3:44  Marine x3  
  35  3:47  Marine  
  38  4:01  Bunker  
  27  4:09  Marine x3  
  29  4:10  Marine  
  26  4:43  Refinery  
Show
View Real Time Build Order
Export as new Build Order

blackxored Zerg 

Build Orders: Hatch First 

Get SALT Encoding   

  12  0:01  Drone  
  13  0:08  Drone  
  14  0:20  Overlord  
  14  0:24  Extractor  
  14  0:25  Drone  
  15  0:41  Drone  
  15  0:42  Drone  
  17  1:02  Hatchery  
  17  1:03  Drone  
  18  1:04  Drone  
  18  1:09  Drone  
  19  1:17  Extractor  
  18  1:19  Spawning Pool  
  18  1:21  Drone  
  18  1:27  Drone  
  19  1:38  Overlord  
  19  1:51  Drone  
  20  2:12  Queen  
  21  2:16  Zergling x6  
  21  2:22  Queen  
  26  2:26  Spine Crawler  
  26  2:27  Zergling x4  
  27  2:32  Zergling x2  
  27  2:33  Metabolic Boost  
  28  2:39  Zergling x2  
  29  2:44  Zergling x2  
  29  2:50  Baneling Nest  
  26  3:03  Zergling x4  
  26  3:04  Zergling x2  
  25  3:11  Zergling x4  
  25  3:19  Zergling x4  
  21  3:34  Zergling x2  
  21  3:35  Zergling x2  
  21  3:37  Baneling x4  
  23  3:48  Zergling x4  
  21  4:09  Zergling x4  
  22  4:20  Zergling x2  
Tags
 
Add a new tag
Caveats
  • Supply blocks, unpowered buildings, or Contaminate may cause inaccurate times.
  • Supply counts are checked every 10 seconds.